Map: Mech-Depot LE

Players

Venom

  • Race: Zerg Zerg
  • Spawn Location: 1:00

Panda - Winner!

  • Race: Zerg Zerg
  • League: Diamond
  • Spawn Location: 7:00

VOD

Have the link to the VOD?

Description

Time

  • Played on: Sept. 9, 2017, 7:52 p.m.
  • Length: 6:53
Show
View Real Time Build Order
Export as new Build Order

Venom Zerg 

Build Orders: Hatch First 

Get SALT Encoding   

  12  0:03  Drone  
  13  0:13  Overlord  
  13  0:18  Drone  
  14  0:34  Drone  
  15  0:36  Drone  
  15  0:37  Drone  
  17  0:56  Hatchery  
  16  0:57  Drone  
  17  1:11  Spawning Pool  
  17  1:13  Drone  
  17  1:16  Drone  
  18  1:19  Extractor  
  18  1:22  Drone  
  18  1:33  Drone  
  19  1:45  Overlord  
  19  1:58  Queen  
  19  2:00  Drone  
  22  2:04  Drone  
  23  2:10  Drone  
  26  2:16  Spine Crawler  
  26  2:19  Zergling x2  
  26  2:23  Zergling x4  
  26  2:24  Metabolic Boost  
  26  2:33  Zergling x4  
  26  2:35  Queen  
  29  2:45  Zergling x4  
  31  2:56  Zergling x4  
  32  3:11  Baneling Nest  
  26  3:28  Hatchery  
  26  3:31  Zergling x6  
  25  3:42  Zergling x2  
  25  3:45  Zergling x4  
  28  4:02  Zergling x2  
  23  4:18  Zergling x8  
  25  4:35  Zergling x4  
  27  4:41  Hatchery  
  27  4:45  Zergling x2  
  27  4:57  Zergling x6  
  28  5:03  Zergling x2  
  28  5:23  Zergling x2  
  28  5:26  Baneling x3  
  28  5:38  Baneling x2  
  28  5:39  Baneling x6  
  26  5:53  Zergling x8  
Show
View Real Time Build Order
Export as new Build Order

Panda Zerg - Winner!

Build Orders: Pool First, Zergling Baneling 

Get SALT Encoding   

  12  0:01  Drone  
  13  0:18  Extractor  
  12  0:24  Spawning Pool  
  12  0:27  Drone  
  12  0:32  Drone  
  13  0:37  Drone  
  14  0:46  Overlord  
  14  1:11  Zergling x6  
  14  1:15  Queen  
  19  1:23  Metabolic Boost  
  19  1:29  Zergling x2  
  20  1:37  Zergling x2  
  21  1:44  Baneling Nest  
  20  1:47  Zergling x2  
  21  1:58  Overlord  
  21  2:06  Zergling x2  
  22  2:16  Zergling x2  
  23  2:28  Baneling  
  23  2:29  Baneling  
  23  2:31  Zergling x2  
  24  2:56  Zergling x2  
  24  2:57  Zergling x4  
  26  3:02  Zergling x6  
  26  3:04  Baneling x2  
  26  3:05  Baneling x2  
  30  3:12  Zergling x2  
  24  3:30  Zergling x4  
  24  3:45  Baneling x2  
  24  3:46  Hatchery  
  24  3:47  Zergling x2  
  24  3:49  Zergling x2  
  21  4:10  Zergling x6  
  21  4:16  Zergling x4  
  22  4:32  Baneling x2  
  20  4:46  Zergling x6  
  23  4:54  Zergling x4  
  23  4:57  Spine Crawler  
  22  5:12  Zergling x4  
  22  5:13  Baneling x3  
  24  5:23  Baneling  
  24  5:30  Zergling x4  
  26  5:44  Baneling  
  24  6:02  Drone x6  
  29  6:04  Baneling  
  27  6:31  Zergling x8  
  27  6:36  Spine Crawler  
Tags
 
League
Diamond
Matchup
ZvZ
Race
Zerg
Replay Pack
replays1
Spawn Locations
Cross Positions
Add a new tag
Caveats
  • Supply blocks, unpowered buildings, or Contaminate may cause inaccurate times.
  • Supply counts are checked every 10 seconds.